AoeStats
← ElpeluquerodeCapoch

Arena

510340721Analyzed
4v4 RM · 1d ago on Sep 30, 2026· 39m 20s· 8 players
Game mode
Random Map
Map size
Large (8 player)
Population
200
Speed
Normal
Resources
Standard
Victory
Conquest
Starting age
Dark Age
Ending age
Imperial Age
RankedLock teamsTeams togetherTeam positionsShared explorationLock speedFull tech treeHidden civsTurbo modeCheats
Victory
Defeat
🇨🇳 Burgundians · China
1537
+14
🇪🇨 Saxons · Ecuador
1453
+18
🇹🇼 Cumans · Taiwan
1439
+18
🇨🇳 Teutons · China
1437
+18
🇦🇷 Teutons · Argentina
1628
-22
🇧🇷 Romans · Brazil
1482
-17
🇦🇷 Burgundians · Argentina
1434
-15
🇦🇷 Varangians · Argentina
1417
-14
Enlassombras
9:34 Feudal Age
11:30 Loom
14:43 Castle Age
13:10 Double-Bit Axe
15:35 Husbandry
16:16 Gold Mining
17:11 Bloodlines
18:54 Town Watch
24:53 Scale Barding Armor
24:59 Forging
32:19 Imperial Age
31:35 Forging
32:24 Chain Barding Armor
32:10 Vendel Legacy
33:17 Cavalier
35:22 Conscription
MAZZUCCO
9:34 Feudal Age
8:31 Loom
16:27 Castle Age
15:11 Fletching
22:27 Double-Bit Axe
ElpeluquerodeCapoch
10:55 Feudal Age
15:19 Castle Age
13:10 Double-Bit Axe
15:27 Bow Saw
17:19 Light Cavalry
18:25 Forging
20:08 Town Watch
20:44 Loom
22:21 Wheelbarrow
25:53 Husbandry
26:54 Hand Cart
26:46 Horse Collar
27:24 Hand Cart
29:36 Two-Man Saw
28:38 Heavy Plow
28:31 Gold Mining
28:31 Stone Mining
30:29 Scale Barding Armor
30:59 Iron Casting
31:43 Chain Barding Armor
31:14 Cavalier
36:23 Imperial Age
35:00 Gold Shaft Mining
35:00 Stone Shaft Mining
37:15 Crop Rotation
36:35 Paladin
38:15 Plate Barding Armor
38:40 Blast Furnace
gabi98bac
5:33 Loom
8:24 Feudal Age
9:43 Double-Bit Axe
10:42 Fletching
15:03 Horse Collar
22:14 Castle Age
23:48 Bodkin Arrow
31:23 Imperial Age
29:37 Bow Saw
29:29 Heavy Plow
32:01 Masonry
33:39 Chemistry
33:24 Wheelbarrow
32:35 Town Watch
33:28 Ballistics
Maty
5:42 Loom
7:59 Feudal Age
9:41 Fletching
11:02 Double-Bit Axe
12:11 Horse Collar
18:19 Town Watch
21:15 Castle Age
19:30 Gold Mining
22:24 Bow Saw
22:53 Wheelbarrow
24:38 Heavy Plow
33:26 Imperial Age
31:14 Hand Cart
31:41 Stone Mining
32:36 Bodkin Arrow
34:18 Coinage
33:49 Caravan
34:13 Crossbowman
35:32 Gold Shaft Mining
35:27 Bracer
35:52 Ballistics
36:21 Padded Archer Armor
37:37 Chemistry
36:53 Thumb Ring
37:50 Conscription
37:04 Arbalester
39:52 Two-Man Saw
39:24 Crop Rotation
40:00 Hoardings
nostop333
8:48 Feudal Age
9:39 Double-Bit Axe
9:37 Horse Collar
13:49 Wheelbarrow
15:59 Gold Mining
20:02 Castle Age
18:56 Scale Barding Armor
19:46 Bloodlines
19:49 Forging
21:33 Gold Shaft Mining
21:11 Bow Saw
22:57 Chain Barding Armor
26:49 Iron Casting
31:22 Hand Cart
30:53 Town Watch
30:54 Loom
31:06 Capped Ram
32:06 Stone Mining
33:27 Heavy Plow
36:44 Imperial Age
38:17 Crop Rotation
38:47 Two-Man Saw
37:48 Cavalier
39:05 Plate Barding Armor
40:28 Blast Furnace
很蓝的啦
3:00 Double-Bit Axe
5:50 Horse Collar
11:05 Feudal Age
13:02 Bow Saw
15:17 Castle Age
13:34 Heavy Plow
19:21 Forging
20:03 Loom
22:26 Pikeman
22:53 Arson
29:58 Squires
31:29 Scale Barding Armor
31:59 Scale Mail Armor
34:40 Husbandry
36:54 Chain Mail Armor
36:14 Pikeman
39:54 Padded Archer Armor
972770991
8:27 Feudal Age
7:14 Loom
11:39 Fletching
17:36 Gold Mining
20:03 Wheelbarrow
22:33 Castle Age
20:38 Double-Bit Axe
20:42 Horse Collar
23:13 Pikeman
24:25 Scale Mail Armor
24:35 Forging
29:54 Bloodlines
30:22 Town Watch
32:10 Hand Cart
35:12 Imperial Age
33:28 Stone Mining
34:26 Iron Casting
35:50 Chain Mail Armor
36:10 Iron Casting
37:00 Chemistry
35:52 Halberdier
38:16 Bow Saw
38:52 Plate Mail Armor
39:22 Blast Furnace
39:51 Scale Barding Armor
39:41 Bodkin Arrow
Connection lost

Rejoining the realm…

Still unreachable

The connection could not be restored.

Session expired

The server has moved on; the page needs a fresh start.